 Dungeon Crawl Stone Soup version 0.29.0-4-gdea44cf6ec (webtiles) character file.

Game seed: 12786934748203605302

174 qw the Chopper (level 5, 0/45 HPs)
             Began as a Minotaur Berserker on Sept 5, 2022.
             Was a Believer of Trog.
             Killed from afar by an orc wizard (9 damage)
             ... with a puff of flame
             ... on level 3 of the Dungeon.
             The game lasted 00:01:27 (4298 turns).

qw the Chopper (Minotaur Berserker)                 Turns: 4298, Time: 00:01:27

Health: 0/45       AC:  8    Str: 22 (24) XL:     5   Next: 28%
Magic:  0/4        EV: 11    Int:  2 (4)  God:    Trog [**....]
Gold:   199        SH: 13    Dex: 11      Spells: 4/4 levels left

rFire   . . .      SeeInvis .   Y - +2 hand axe
rCold   . . .      Faith    .   f - +0 tower shield
rNeg    + . .      Spirit   +   b - +0 ring mail
rPois   .          Reflect  .   (helmet restricted)
rElec   .          Harm     .   (no cloak)
rCorr   .          Rampage  .   a - +1 pair of gloves "Jusaes" {+Inv Dex+2}
Will    .....                   g - +0 pair of boots
Stlth   +.........              n - amulet of guardian spirit
HPRegen 0.15/turn               o - ring of positive energy
MPRegen 0.09/turn               c - +4 ring of evasion

@: on berserk cooldown, slowed, very slow
A: horns 2, retaliatory headbutt
a: Renounce Religion, Evoke Invisibility, Berserk, Trog's Hand


You were on level 3 of the Dungeon.
You worshipped Trog.
Trog was pleased with you.
You visited 1 branch of the dungeon, and saw 3 of its levels.

You collected 199 gold pieces.


Innate Abilities, Weirdness & Mutations

You have a pair of horns on your head.
You reflexively headbutt those who attack you in melee.


   Skills:
 - Level 3.6 Fighting
 - Level 5.0 Axes
 - Level 2.4 Armour
 - Level 2.1 Dodging
 + Level 5.0 Shields


You had 4 spell levels left.
You didn't know any spells.
Your spell library was empty.

Inventory:

Hand Weapons
 d - a +0 mace
 Y - a +2 hand axe (weapon)
Armour
 a - the +1 pair of gloves "Jusaes" (worn) {+Inv Dex+2}
   (You acquired it on level 1 of the Dungeon)

   Dex:       It affects your dexterity (+2).
   +Inv:      It lets you turn invisible.
 b - a +0 ring mail (worn)
 f - a +0 tower shield (worn)
 g - a +0 pair of boots (worn)
Jewellery
 c - a +4 ring of evasion (right hand)
 n - an amulet of guardian spirit (around neck)
 o - a ring of positive energy (left hand)
Scrolls
 s - a scroll of teleportation
Potions
 i - a potion of might {unknown}
 j - a potion of brilliance {unknown}
 k - a potion of heal wounds
 l - a potion of haste {unknown}
 m - a potion of lignification {unknown}
 p - a potion of mutation {unknown}
 r - a potion of cancellation {unknown}

Dungeon Overview and Level Annotations

Branches:
Dungeon (3/15)

Altars:
Hepliaklqana
Ru
Xom


Message History

The orc wizard hits the bush but does no damage.
The orc wizard hits the bush with a +0 dagger.
The orc wizard hits the bush but does no damage.
The orc wizard hits the bush but does no damage.
The orc wizard gestures at you while chanting.
The puff of flame hits you!
The orc wizard casts a spell.
The orc wizard flickers and vanishes!
Something hits the bush.
Something hits the bush but does no damage.
Something hits the bush.
Something hits the bush but does no damage. x2
Something hits the bush but does no damage.
Something hits the bush but does no damage.
You hear some strange, mumbled words.
A puff of flame appears from out of thin air!
Deactivating autopickup; reactivate with Ctrl-A.
The puff of flame hits you!
You hit the bush but do no damage.
The bush is heavily damaged.
You hit the bush but do no damage. You completely miss the bush.
You hit the bush but do no damage.
Something hits the bush but does no damage. x2
You hit the bush. You headbutt the bush.
The bush is heavily damaged.
You hit the bush but do no damage. x2; You hit the bush.
Something hits the bush but does no damage.
Something hits the bush.
You hit the bush but do no damage. You hit the bush. x2
You hit the bush but do no damage.
You hear some strange, mumbled words.
Something tries to affect you, but you resist.
Something hits the bush but does no damage.
You hit the bush but do no damage. You headbutt the bush.
The bush is heavily damaged.
You hit the bush but do no damage. x2; You hit the bush.
You hear some strange, mumbled words.
A puff of flame appears from out of thin air!
The puff of flame hits you!
You die...

##.####...#.# ########## #....#
........#.#.# #....#
###.......#.#### #....#
#######.###....## #....#
........###.##..## #....#
).####..PPPPPPP.PPP#######....#
#.......P.......{.P.....##....###
........P.PPP.PPPPP...)..........
#..#....P...P.P.@.P####)##......#
#..#.#..P.PPP.P.P.P.##...##.....#
........P.P.P...P.P.#.8.8.#.....#
######..P.P.PPPPP.P.#.....#.))..#
........P.....P...P##.8.8.#.....#
.....#..P.PPP.P.P.P###._.##.....#
.....).#P)P.P.P.P...######......#
.....###PPP.P.P.P.P..........)...
..............P.P.P##...........#


There were no monsters in sight!

Vanquished Creatures
  2 orc priests (D:3)
  An orc wizard (D:3)
  An adder (D:2)
  3 worms
  A dart slug (D:1)
  6 orcs
  8 bats
  5 endoplasms
  2 giant cockroaches
  5 goblins
  4 hobgoblins
  3 jackals (D:1)
  7 kobolds
  7 ball pythons
  4 frilled lizards
  4 rats
63 creatures vanquished.

Vanquished Creatures (others)
  4 plants (D:1)
4 creatures vanquished.

Grand Total: 67 creatures vanquished

Notes
Turn   | Place    | Note
-------+----------+-------------------------------------------
     0 | D:1      | qw the Minotaur Berserker began the quest for the Orb.
     0 | D:1      | Reached XP level 1. HP: 19/19 MP: 0/0
     0 | D:1      | 0 ||| qw: Version: 0.1-a-104-g96f76f8
     0 | D:1      | 0 ||| qw: Game counter: 5908
     0 | D:1      | 0 ||| qw: Always use a shield: true
     0 | D:1      | 0 ||| qw: Do Orc after D:15 true
     0 | D:1      | 0 ||| qw: Do second Lair branch before Depths: true
     0 | D:1      | 0 ||| qw: Lair rune preference: random
     0 | D:1      | 0 ||| qw: Plans: Normal
     0 | D:1      | 0 ||| PLANNING D:1-11
    58 | D:1      | 58 ||| Stepping ~*~*~tactically~*~*~ (stealth).
    69 | D:1      | 69 ||| Stepping ~*~*~tactically~*~*~ (stealth).
   172 | D:1      | Reached XP level 2. HP: 22/26 MP: 1/1
   173 | D:1      | 173 ||| Stepping ~*~*~tactically~*~*~ (stealth).
   416 | D:1      | 416 ||| Stepping ~*~*~tactically~*~*~ (stealth).
   418 | D:1      | 418 ||| Stepping ~*~*~tactically~*~*~ (stealth).
   422 | D:1      | 422 ||| Stepping ~*~*~tactically~*~*~ (stealth).
   424 | D:1      | 424 ||| Stepping ~*~*~tactically~*~*~ (stealth).
   426 | D:1      | 426 ||| Stepping ~*~*~tactically~*~*~ (stealth).
   462 | D:1      | 462 ||| Stepping ~*~*~tactically~*~*~ (stealth).
   490 | D:1      | 490 ||| Stepping ~*~*~tactically~*~*~ (stealth).
   492 | D:1      | 492 ||| Stepping ~*~*~tactically~*~*~ (stealth).
   493 | D:1      | 493 ||| Stepping ~*~*~tactically~*~*~ (stealth).
   564 | D:1      | 564 ||| Stepping ~*~*~tactically~*~*~ (hiding).
   666 | D:1      | 666 ||| Stepping ~*~*~tactically~*~*~ (hiding).
   768 | D:1      | 768 ||| Stepping ~*~*~tactically~*~*~ (hiding).
   870 | D:1      | 870 ||| Stepping ~*~*~tactically~*~*~ (hiding).
   972 | D:1      | 972 ||| Stepping ~*~*~tactically~*~*~ (hiding).
  1351 | D:1      | 1351 ||| UPGRADING to +0 tower shield.
  1356 | D:1      | 1356 ||| UPGRADING to +0 leather armour.
  1366 | D:1      | 1366 ||| DROPPING +0 animal skin.
  1367 | D:1      | 1367 ||| UPGRADING to ring of positive energy.
  1368 | D:1      | 1368 ||| READING scroll labelled HENGU JASTRUIC.
  1369 | D:1      | 1369 ||| READING scroll labelled IQOCAIZOYQ.
  1369 | D:1      | Identified a scroll of acquirement
  1369 | D:1      | 1369 ||| ACQUIRING +1 pair of gloves "Jusaes" {+Inv Dex+2}
  1369 | D:1      | Acquired the +1 pair of gloves "Jusaes" {+Inv Dex+2}
  1371 | D:1      | 1371 ||| UPGRADING to +1 pair of gloves "Jusaes" {+Inv
                  | Dex+2}.
  1376 | D:1      | 1376 ||| READING scroll labelled LOALLABLIL.
  1377 | D:1      | 1377 ||| READING scroll labelled ZOSASHE NUINEC.
  1378 | D:1      | 1378 ||| READING scroll labelled DEIKAKK CIPNI.
  1379 | D:1      | 1379 ||| DRINKING 2 clear potions.
  1380 | D:1      | 1380 ||| DROPPING potion of attraction.
  1565 | D:2      | Reached XP level 3. HP: 31/31 MP: 2/2
  1568 | D:2      | Reached ** piety under Trog
  1653 | D:2      | Reached skill level 1 in Shields
  1716 | D:2      | Found a sacrificial altar of Ru.
  1727 | D:2      | Found a faded altar of an unknown god.
  1990 | D:2      | 1990 ||| INVOKING Berserk.
  2410 | D:2      | 2410 ||| UPGRADING to +0 ring mail.
  2420 | D:2      | 2420 ||| UPGRADING to +0 pair of boots.
  2425 | D:2      | 2425 ||| DROPPING +0 leather armour.
  2426 | D:2      | 2426 ||| UPGRADING to +4 ring of evasion.
  2427 | D:2      | 2427 ||| READING scroll labelled DAT KUONUSA.
  2432 | D:2      | 2432 ||| READING scroll labelled KIREMN WULYTSO.
  2433 | D:2      | 2433 ||| READING scroll labelled UBIMETIEMN.
  2434 | D:2      | 2434 ||| READING 2 scrolls labelled SUBBEL KAYLOP.
  2435 | D:2      | 2435 ||| READING scroll of enchant weapon.
  2435 | D:2      | 2435 ||| ENCHANTING +1 hand axe.
  2436 | D:2      | 2436 ||| READING scroll labelled WETENA JUAGGO.
  2479 | D:3      | 2479 ||| INVOKING Berserk.
  2636 | D:3      | Found a shimmering altar of Xom.
  2992 | D:3      | 2992 ||| Stepping ~*~*~tactically~*~*~ (stealth).
  2993 | D:3      | 2993 ||| Stepping ~*~*~tactically~*~*~ (stealth).
  3016 | D:3      | 3016 ||| FLEEEEING.
  3017 | D:3      | 3017 ||| FLEEEEING.
  3018 | D:3      | 3018 ||| FLEEEEING.
  3019 | D:3      | 3019 ||| FLEEEEING.
  3020 | D:3      | 3020 ||| FLEEEEING.
  3023 | D:3      | 3023 ||| FLEEEEING.
  3024 | D:3      | 3024 ||| FLEEEEING.
  3025 | D:3      | 3025 ||| FLEEEEING.
  3026 | D:3      | 3026 ||| FLEEEEING.
  3027 | D:3      | 3027 ||| FLEEEEING.
  3028 | D:3      | 3028 ||| FLEEEEING.
  3029 | D:3      | 3029 ||| FLEEEEING.
  3030 | D:3      | 3030 ||| FLEEEEING.
  3031 | D:3      | 3031 ||| FLEEEEING.
  3039 | D:3      | 3039 ||| FLEEEEING.
  3040 | D:3      | 3040 ||| FLEEEEING.
  3041 | D:3      | 3041 ||| FLEEEEING.
  3042 | D:3      | 3042 ||| FLEEEEING.
  3043 | D:3      | 3043 ||| FLEEEEING.
  3044 | D:3      | 3044 ||| FLEEEEING.
  3045 | D:3      | 3045 ||| FLEEEEING.
  3046 | D:3      | 3046 ||| FLEEEEING.
  3047 | D:3      | 3047 ||| FLEEEEING.
  3049 | D:3      | 3049 ||| FLEEEEING.
  3050 | D:3      | 3050 ||| FLEEEEING.
  3051 | D:3      | 3051 ||| FLEEEEING.
  3055 | D:3      | 3055 ||| FLEEEEING.
  3059 | D:3      | 3059 ||| FLEEEEING.
  3060 | D:3      | 3060 ||| FLEEEEING.
  3061 | D:3      | 3061 ||| FLEEEEING.
  3065 | D:3      | 3065 ||| FLEEEEING.
  3066 | D:3      | 3066 ||| FLEEEEING.
  3070 | D:3      | 3070 ||| FLEEEEING.
  3071 | D:3      | 3071 ||| FLEEEEING.
  3072 | D:3      | 3072 ||| FLEEEEING.
  3073 | D:3      | 3073 ||| FLEEEEING.
  3074 | D:3      | 3074 ||| FLEEEEING.
  3075 | D:3      | 3075 ||| FLEEEEING.
  3076 | D:3      | 3076 ||| FLEEEEING.
  3077 | D:3      | 3077 ||| FLEEEEING.
  3078 | D:3      | 3078 ||| FLEEEEING.
  3167 | D:3      | 3167 ||| Stepping ~*~*~tactically~*~*~ (stealth).
  3174 | D:3      | Reached XP level 4. HP: 39/39 MP: 3/3
  3193 | D:3      | Found a hazy altar of Hepliaklqana.
  3373 | D:3      | Reached skill level 3 in Shields
  3381 | D:3      | 3381 ||| FLEEEEING.
  3382 | D:3      | 3382 ||| FLEEEEING.
  3383 | D:3      | 3383 ||| FLEEEEING.
  3384 | D:3      | 3384 ||| FLEEEEING.
  3385 | D:3      | 3385 ||| FLEEEEING.
  3389 | D:3      | 3389 ||| FLEEEEING.
  3390 | D:3      | 3390 ||| FLEEEEING.
  3391 | D:3      | 3391 ||| FLEEEEING.
  3392 | D:3      | 3392 ||| FLEEEEING.
  3394 | D:3      | 3394 ||| FLEEEEING.
  3395 | D:3      | 3395 ||| FLEEEEING.
  3396 | D:3      | 3396 ||| FLEEEEING.
  3399 | D:3      | 3399 ||| FLEEEEING.
  3400 | D:3      | 3400 ||| FLEEEEING.
  3401 | D:3      | 3401 ||| FLEEEEING.
  3402 | D:3      | 3402 ||| FLEEEEING.
  3405 | D:3      | 3405 ||| FLEEEEING.
  3406 | D:3      | 3406 ||| FLEEEEING.
  3407 | D:3      | 3407 ||| FLEEEEING.
  3408 | D:3      | 3408 ||| FLEEEEING.
  3409 | D:3      | 3409 ||| STAIRDANCE
  3456 | D:2      | 3456 ||| UPGRADING to amulet of guardian spirit.
  3461 | D:2      | 3461 ||| READING scroll labelled NIWNOADAOKK.
  3462 | D:2      | 3462 ||| DRINKING 2 sapphire potions.
  3463 | D:2      | 3463 ||| DRINKING 2 orange potions.
  3464 | D:2      | 3464 ||| DRINKING 2 murky emerald potions.
  3465 | D:2      | 3465 ||| DROPPING potion of degeneration.
  3468 | D:3      | 3468 ||| STAIRDANCE
  3539 | D:2      | 3539 ||| DROPPING +0 club.
  3543 | D:3      | 3543 ||| STAIRDANCE
  3545 | D:3      | 3545 ||| STAIRDANCE
  3547 | D:3      | 3547 ||| STAIRDANCE
  3549 | D:3      | 3549 ||| DRINKING potion of curing.
  3549 | D:3      | 3549 ||| (to cure confusion)
  3550 | D:3      | 3550 ||| INVOKING Berserk.
  3556 | D:3      | 3556 ||| STAIRDANCE
  3797 | D:3      | 3797 ||| INVOKING Berserk.
  3803 | D:3      | Reached XP level 5. HP: 45/45 MP: 4/4
  4186 | D:3      | 4186 ||| INVOKING Berserk.
  4280 | D:3      | 4280 ||| INVOKING Berserk.
  4294 | D:3      | HP: 7/45 [something/puff of flame (6)]
  4298 | D:3      | Killed from afar by an orc wizard

Levels and vault maps discovered:
D:1:      eino_arrival_tree_alley, layout_rooms, serial_rivers,
          chequers_serial_rivers_small_a, chequers_serial_rivers_micro_a,
          chequers_serial_rivers_micro_b, chequers_serial_rivers_room_b,
          minmay_misc_feat_chi, minmay_pentomino_x4
D:2:      layout_basic, basic_altar, hellmonk_ecumenical_altar_crossroads
D:3:      layout_basic, nicolae_overflow_hidden_temple, old_standard_altar,
          minmay_hedge_maze, kennysheep_orc_chapel

Skill      XL: |  1  2  3  4  5 |
---------------+----------------+-----
Axes           | 4 5 |  5.0
Shields        | 2 4 5 |  5.0
Fighting       | |  3.6
Armour         | |  2.4
Dodging        | |  2.1

Action                   |  1- 3 |  4- 6 || total
-------------------------+-------+-------++-------
Melee: Hand axe          |    74 |    50 ||   124
       Headbutt          |    12 |    14 ||    26
Invok: Berserk           |     2 |     4 ||     6
  Use: Scroll            |    11 |     1 ||    12
       Potion            |     1 |     4 ||     5
 Stab: Sleeping          |     1 |       ||     1
Armor: Animal skin       |     5 |       ||     5
       Ring mail         |     4 |     9 ||    13
       Leather armour    |     3 |       ||     3
Dodge: Dodged            |    24 |     9 ||    33
Block: Tower shield      |    17 |     9 ||    26

Table legend:
 A = Non-vault XP
 B = Vault XP
 C = Vault XP percentage of total XP
 D = Non-vault monster count
 E = Vault monster count
 F = Vault count percentage of total count
                 A         B        C        D         E       F
            +---------+---------+-------+---------+---------+-------
      Total |     156 |      93 |  37.3 |      57 |       6 |   9.5
            +---------+---------+-------+---------+---------+-------
        D:1 |      32 |       5 |  13.5 |      19 |       3 |  13.6
        D:2 |      36 |       0 |   0.0 |      12 |       0 |   0.0
        D:3 |      88 |      88 |  50.0 |      26 |       3 |  10.3
            +---------+---------+-------+---------+---------+-------
